AoeStats
← Crazy_Owl

Arena

507510960Analyzed
1v1 RM · 15d ago on Sep 18, 2026· 37m 21s· 2 players
Game mode
Random Map
Map size
Tiny (2 player)
Population
200
Speed
Normal
Resources
Standard
Victory
Conquest
Starting age
Dark Age
Ending age
Imperial Age
RankedLock teamsTeams togetherTeam positionsShared explorationLock speedFull tech treeHidden civsTurbo modeCheats
Victory
Defeat
🇳🇱 Portuguese · Netherlands
875
+16
🇫🇷 Vikings · France
874
-29
Franz
7:18 Loom
10:06 Feudal Age
10:28 Horse Collar
10:36 Double-Bit Axe
16:04 Forging
15:56 Scale Mail Armor
16:06 Arson
19:31 Castle Age
18:59 Gold Mining
20:28 Chain Mail Armor
20:37 Bow Saw
20:39 Heavy Plow
21:55 Iron Casting
21:24 Pikeman
22:59 Squires
26:37 Stone Mining
27:25 Gold Shaft Mining
27:53 Light Cavalry
30:29 Scale Barding Armor
30:47 Fervor
31:23 Chieftains
35:09 Imperial Age
35:24 Town Watch
37:10 Blast Furnace
36:41 Plate Mail Armor
37:19 Crop Rotation
36:24 Capped Ram
Crazy_Owl
10:50 Feudal Age
12:20 Wheelbarrow
11:41 Double-Bit Axe
11:38 Horse Collar
16:14 Castle Age
17:56 Bow Saw
21:53 Heavy Plow
21:43 Loom
23:08 Gold Mining
26:45 Hand Cart
26:32 Pikeman
27:08 Fletching
27:19 Scale Mail Armor
28:07 Forging
27:54 Bodkin Arrow
29:21 Stone Mining
32:23 Imperial Age
30:01 Arson
30:39 Chain Mail Armor
32:13 Stone Shaft Mining
32:19 Iron Casting
31:52 Scale Barding Armor
32:18 Bloodlines
32:11 Husbandry
33:04 Ballistics
32:42 Murder Holes
32:58 Masonry
32:42 Halberdier
33:54 Bracer
34:48 Plate Mail Armor
34:26 Town Watch
36:06 Conscription
37:02 Arquebus
Connection lost

Rejoining the realm…

Still unreachable

The connection could not be restored.

Session expired

The server has moved on; the page needs a fresh start.